 Dungeon Crawl Stone Soup version 0.29.1-13-g9f3cf754e1 (webtiles) character file.

Game seed: 15995963420122207709

414 iambehindu the Cleaver (level 6, -1/78 HPs)
             Began as a Minotaur Berserker on Jan 30, 2023.
             Was a Priest of Trog.
             Succumbed to Ijyb's poison
             ... on level 4 of the Dungeon.
             The game lasted 00:13:26 (4302 turns).

iambehindu the Cleaver (Minotaur Berserker)         Turns: 4302, Time: 00:13:26

Health: -1/78      AC: 10    Str: 23    XL:     6   Next: 60%
Magic:  5/5        EV: 11    Int: 10    God:    Trog [***...]
Gold:   122        SH:  0    Dex: 10    Spells: 5/5 levels left

rFire   + . .      SeeInvis .   l - +2 hand axe (venom)
rCold   . . .      Faith    .   (no shield)
rNeg    + . .      Spirit   .   w - +4 ring mail of Resilience {rF+ rN+ Int+6}
rPois   .          Reflect  .   (helmet restricted)
rElec   .          Harm     .   m - +0 cloak
rCorr   .          Rampage  .   (no gloves)
Will    .....                   (no boots)
Stlth   ..........              (no amulet)
HPRegen 0.23/turn               (no ring)
MPRegen 0.09/turn               (no ring)

@: berserking, lethally poisoned (-1 -> -27), very quick
A: horns 2, retaliatory headbutt
a: Renounce Religion, Berserk, Trog's Hand


You were on level 4 of the Dungeon.
You worshipped Trog.
Trog was most pleased with you.
You visited 1 branch of the dungeon, and saw 4 of its levels.

You collected 122 gold pieces.

Inventory:

Hand Weapons
 a - a +0 hand axe
 l - a +2 hand axe of venom (weapon)
 p - a +0 war axe
 q - a +4 flail of holy wrath
 r - a +2 hand axe of electrocution
Armour
 b - a +0 animal skin
 d - a +0 ring mail
 i - a +0 scale mail
 m - a +0 cloak (worn)
 t - a +0 chain mail
 u - a +0 ring mail
 w - the +4 ring mail of Resilience (worn) {rF+ rN+ Int+6}
   (You found it on level 4 of the Dungeon)

   Int:       It affects your intelligence (+6).
   rF:        It protects you from fire.
   rN:        It protects you from negative energy.
Scrolls
 c - 4 scrolls of identify
 e - 3 scrolls of magic mapping
 f - a scroll of blinking {unknown}
 j - a scroll of teleportation {unknown}
 v - a scroll of brand weapon {unknown}
 x - a scroll of poison {unknown}
 y - a scroll of enchant armour {unknown}
Potions
 g - 2 potions of curing {unknown}
 h - 2 potions of brilliance {unknown}
 k - a potion of heal wounds {unknown}
 n - a potion of mutation
 o - a potion of invisibility {unknown}
 s - a potion of might {unknown}


   Skills:
 - Level 3.8 Fighting
 + Level 8.6 Axes
 + Level 2.7 Armour
 - Level 2.2 Dodging
 - Level 1.3 Stealth


You had 5 spell levels left.
You didn't know any spells.
Your spell library was empty.

Dungeon Overview and Level Annotations

Branches:
Dungeon (4/15)
 Temple: D:4-7

Altars:
Ru


Innate Abilities, Weirdness & Mutations

You have a pair of horns on your head.
You reflexively headbutt those who attack you in melee.


Message History

You feel very sick.
You barely miss Ijyb.
Ijyb is heavily wounded.
You feel very sick. Ijyb hits you but does no damage.
You are lethally poisoned!
You closely miss Ijyb.
Ijyb is severely wounded.
You feel very sick. Ijyb closely misses you. You furiously retaliate!
You headbutt Ijyb, but do no damage.
A red film seems to cover your vision as you go berserk!
You feel yourself moving faster!
You feel mighty!
* * * LOW HITPOINT WARNING * * *
You feel very sick.
Ijyb hits you with a +1 dagger of venom.
* * * LOW HITPOINT WARNING * * *
You are more poisoned.
You miss Ijyb.
Ijyb is severely wounded.
* * * LOW HITPOINT WARNING * * *
You feel very sick.
Ijyb hits you with a +1 dagger of venom.
* * * LOW HITPOINT WARNING * * *
You are more poisoned.
You slash Ijyb!
You kill Ijyb!
Trog accepts your kill.
* * * LOW HITPOINT WARNING * * *
You feel very sick.
* * * LOW HITPOINT WARNING * * *
You feel very sick.
There is a large open door, spattered with blood here.
Items here: )) / [ †††.
There is a lethal amount of poison in your body!
There is a lethal amount of poison in your body!
There is a lethal amount of poison in your body!
There is a lethal amount of poison in your body!
You feel a strong urge to attack something.
You die...

##≈≈≈..#...#..#...#
#≈≈#########..#...#
†≈≈#..........#...#
...'..........#...#
)..'..........#...#
...'..........#...#
#≈≈#..........#...#
#≈≈#########..##)'#
##≈≈ #....@.# #≈≈≈
+......# ##≈≈.
#......# ####
########


There were no monsters in sight!

Vanquished Creatures
  A black bear (D:3)
  A scorpion (D:4)
  2 hounds
  An orc priest (D:4)
  Ijyb (D:4)
  An iguana (D:4)
  An orc wizard (D:3)
  A gnoll (D:3)
  An adder (D:4)
  A worm (D:3)
  8 orcs
  10 ball pythons
  5 endoplasms
  3 giant cockroaches
  11 goblins
  5 hobgoblins
  5 jackals
  2 quokkas
  4 frilled lizards
  6 kobolds
  2 rats
72 creatures vanquished.

Vanquished Creatures (others)
  A plant (D:1)
  6 withered plants (D:1)
7 creatures vanquished.

Grand Total: 79 creatures vanquished

Notes
Turn   | Place    | Note
-------+----------+-------------------------------------------
     0 | D:1      | iambehindu the Minotaur Berserker began the quest for the
                  | Orb.
     0 | D:1      | Reached XP level 1. HP: 19/19 MP: 0/0
   234 | D:1      | Reached skill level 4 in Axes
   238 | D:1      | Reached XP level 2. HP: 22/27 MP: 1/1
   623 | D:1      | Found a faded altar of an unknown god.
   642 | D:1      | Reached ** piety under Trog
   994 | D:2      | Found a sacrificial altar of Ru.
  1104 | D:2      | Reached XP level 3. HP: 33/33 MP: 2/2
  1473 | D:2      | Reached skill level 5 in Axes
  1816 | D:3      | Reached XP level 4. HP: 28/40 MP: 3/3
  1933 | D:3      | Reached skill level 6 in Axes
  2265 | D:3      | Noticed a black bear
  2276 | D:3      | Killed a black bear
  2277 | D:3      | Reached skill level 7 in Axes
  2277 | D:3      | Reached XP level 5. HP: 37/46 MP: 4/4
  2765 | D:4      | Reached skill level 1 in Stealth
  3155 | D:4      | Reached skill level 8 in Axes
  3155 | D:4      | Reached XP level 6. HP: 44/52 MP: 5/5
  3967 | D:4      | Identified the +4 ring mail of Resilience {rF+ rN+ Int+6}
  4273 | D:4      | Reached *** piety under Trog
  4277 | D:4      | Noticed Ijyb
  4300 | D:4      | Killed Ijyb
  4302 | D:4      | Succumbed to Ijyb's poison

Illustrated notes

Levels and vault maps discovered:
D:1:      onia_arrival_pyramid, layout_basic,
          shapermc_ecumenical_altar_flowoftime, amcnicky_mini_corridor_feature
D:2:      layout_basic, basic_altar
D:3:      layout_rooms, hex_intersection, minmay_checkerbox
D:4:      kennysheep_goblin_castle, layout_basic, minmay_joined_circles

Skill      XL: |  1  2  3  4  5 |
---------------+----------------+-----
Axes           | 4 5 7 8 |  8.6
Stealth        | 1 |  1.3
Fighting       | |  3.8
Armour         | |  2.7
Dodging        | |  2.2

Action                   |  1- 3 |  4- 6 || total
-------------------------+-------+-------++-------
Melee: Hand axe          |    63 |   102 ||   165
       Headbutt          |     7 |     5 ||    12
       Punch             |     1 |     1 ||     2
Invok: Berserk           |       |     1 ||     1
  Use: Scroll            |     2 |       ||     2
Armor: Ring mail         |    18 |    18 ||    36
       Scale mail        |     7 |     9 ||    16
       Chain mail        |       |    28 ||    28
Dodge: Dodged            |    39 |    45 ||    84
